AoeStats
← DMacareno95

Black Forest

510316905Analyzed
2v2 RM · 1d ago on Sep 30, 2026· 68m 14s· 4 players
Game mode
Random Map
Map size
Medium (4 player)
Population
200
Speed
Normal
Resources
Standard
Victory
Conquest
Starting age
Dark Age
Ending age
Imperial Age
RankedLock teamsTeams togetherTeam positionsShared explorationLock speedFull tech treeHidden civsTurbo modeCheats
Victory
Defeat
🇨🇳 Burgundians · China
1040
+14
🇨🇦 Bohemians · Canada
1022
+15
🇪🇸 Khmer · Spain
1030
-16
🇪🇸 Burgundians · Spain
957
-13
DMacareno95
0:30 Loom
13:59 Feudal Age
14:49 Double-Bit Axe
16:44 Wheelbarrow
17:58 Horse Collar
24:56 Castle Age
23:59 Gold Mining
24:00 Stone Mining
24:24 Bloodlines
26:29 Bow Saw
26:22 Heavy Plow
28:46 Husbandry
30:17 Hand Cart
30:57 Gold Shaft Mining
32:58 Stone Shaft Mining
33:19 Ballistics
33:54 Scale Barding Armor
33:49 Scale Mail Armor
34:00 Forging
36:25 Masonry
36:22 Tusk Swords
37:11 Iron Casting
36:56 Caravan
39:11 Chain Barding Armor
39:38 Town Watch
40:27 Scale Mail Armor
40:28 Padded Archer Armor
40:18 Fletching
43:20 Imperial Age
41:42 Chain Mail Armor
42:16 Leather Archer Armor
42:41 Bodkin Arrow
44:05 Double Crossbow
43:34 Elite Ballista Elephant
44:34 Conscription
44:52 Heavy Scorpion
47:53 Hoardings
47:41 Onager
49:41 Plate Barding Armor
50:07 Blast Furnace
50:22 Hoardings
51:18 Plate Barding Armor
51:44 Blast Furnace
51:32 Town Patrol
52:54 Siege Engineers
53:51 Chemistry
52:48 Murder Holes
53:25 Architecture
58:18 Chemistry
57:49 Architecture
57:24 Siege Engineers
57:30 Fortified Wall
57:17 Murder Holes
Pitroque
0:31 Loom
12:27 Feudal Age
13:08 Horse Collar
13:15 Double-Bit Axe
14:23 Heavy Plow
17:14 Bow Saw
17:51 Gold Mining
23:37 Castle Age
24:22 Gold Shaft Mining
30:50 Wheelbarrow
34:23 Hand Cart
37:54 Imperial Age
35:01 Pikeman
35:42 Squires
35:02 Man-at-Arms
36:26 Caravan
36:41 Fortified Wall
36:42 Masonry
36:55 Burgundian Vineyards
38:13 Crop Rotation
37:35 Stone Mining
38:44 Elite Coustillier
40:11 Stone Shaft Mining
39:59 Scale Barding Armor
41:19 Chemistry
40:41 Ballistics
40:46 Halberdier
43:11 Forging
42:38 Onager
45:27 Chain Barding Armor
45:42 Iron Casting
47:14 Cavalier
47:55 Husbandry
47:15 Light Cavalry
50:37 Plate Barding Armor
51:02 Blast Furnace
49:56 Paladin
51:06 Conscription
51:16 Scale Mail Armor
56:46 Chain Mail Armor
56:32 Padded Archer Armor
56:22 Fletching
64:33 Hoardings
64:31 Plate Mail Armor
63:56 Bodkin Arrow
ooo000ooo
0:37 Loom
15:40 Feudal Age
21:55 Castle Age
22:49 Double-Bit Axe
25:39 Bow Saw
34:17 Imperial Age
32:46 Fletching
34:22 Chemistry
34:08 Fortified Wall
34:18 Scale Mail Armor
34:12 Pikeman
35:45 Bodkin Arrow
36:44 Chain Mail Armor
37:02 Padded Archer Armor
38:58 Bracer
39:51 Forging
40:27 Caravan
40:51 Halberdier
43:19 Plate Mail Armor
47:54 Iron Casting
50:37 Leather Archer Armor
50:45 Houfnice
54:01 Blast Furnace
53:31 Ring Archer Armor
60:42 Wagenburg Tactics
62:15 Two-Man Saw
65:17 Arson
65:32 Squires
xxzxg_Nono
6:29 Loom
6:39 Double-Bit Axe
7:36 Wheelbarrow
11:37 Feudal Age
12:47 Bow Saw
13:15 Horse Collar
14:20 Heavy Plow
15:01 Arson
22:50 Castle Age
21:34 Gold Mining
21:34 Stone Mining
22:54 Gold Shaft Mining
22:55 Stone Shaft Mining
24:43 Wheelbarrow
24:40 Crop Rotation
25:13 Two-Man Saw
26:28 Hand Cart
28:49 Burgundian Vineyards
29:12 Caravan
29:38 Scale Barding Armor
29:43 Forging
30:19 Cavalier
31:28 Fervor
31:39 Sanctity
31:27 Husbandry
31:16 Pikeman
31:56 Squires
32:15 Atonement
32:25 Redemption
35:42 Imperial Age
34:09 Scale Mail Armor
34:44 Iron Casting
35:06 Atonement
35:16 Redemption
35:22 Redemption
36:50 Conscription
36:43 Devotion
37:08 Illumination
37:04 Block Printing
36:51 Town Watch
37:14 Treadmill Crane
37:31 Murder Holes
37:57 Ballistics
38:39 Chemistry
38:49 Arrowslits
39:16 Masonry
39:50 Cavalier
39:53 Onager
40:35 Halberdier
42:33 Atonement
42:45 Paladin
45:17 Chain Mail Armor
45:37 Iron Casting
45:23 Chain Barding Armor
46:21 Architecture
49:38 Plate Barding Armor
50:03 Blast Furnace
57:32 Blast Furnace
57:41 Chemistry
58:51 Hoardings
Connection lost

Rejoining the realm…

Still unreachable

The connection could not be restored.

Session expired

The server has moved on; the page needs a fresh start.